Unix NetHack Version 5.0.0-0 post-release - last build May 23 2026 06:08:33 (1c0ff79ee797540d5714e4e18072db0edd9e58ae,branch:main).

Game began 2026-05-26 22:18:09, ended 2026-05-26 22:49:45.

Jobair, neutral female human Tourist

                                                                    -----
                                                                    |...|
                                                                    |...|
                                                                   #[.._----
                                                                   #|......|
                                                      ##           #|......|
                                                  .....--          @|._(...|
                                                  -.....|   ---.-  o|...----
                                                  |.....|  --...-- #|...|
                                                  |.....| .-.)...--#|_..|
                                                  |......#..*..))..#-----
                                                  |...<.|#|....*..|
                                                  |.....|#........|
                                                  ------- --..`..--
                                                           --...--
                                                            -----

Jobair the Sightseer        St:12 Dx:13 Co:17 In:13 Wi:9 Ch:13  Neutral
Dlvl:5  $:1900 HP:0(30) Pw:11(11) AC:2  Xp:4 T:2520 

Latest messages:
 Godzuki misses Nestorix's ghost.
 Godzilla misses Nestorix's ghost.
 Godzuki misses Nestorix's ghost.
 Godzilla misses Nestorix's ghost.
 Godzuki misses Nestorix's ghost.
 You miss Nestorix's ghost.
 Godzuki misses Nestorix's ghost.
 You miss Nestorix's ghost.
 Godzilla misses Nestorix's ghost.
 Godzuki misses Nestorix's ghost.
 You miss Nestorix's ghost.
 You miss Nestorix's ghost.
 Godzilla misses Nestorix's ghost.
 Godzuki misses Nestorix's ghost.
 Godzuki misses Nestorix's ghost.
 You miss Nestorix's ghost.
 Godzilla misses Nestorix's ghost.
 Godzuki misses Nestorix's ghost.
 You miss Nestorix's ghost.
 Godzilla misses Nestorix's ghost.
 Godzuki misses Nestorix's ghost.
 You miss Nestorix's ghost.
 Godzilla misses Nestorix's ghost.
 Godzuki misses Nestorix's ghost.
 You miss Nestorix's ghost.
 Godzilla misses Nestorix's ghost.
 You miss Nestorix's ghost.
 Godzilla misses Nestorix's ghost.
 Nestorix's ghost touches you!
 Godzuki misses Nestorix's ghost.
 You miss Nestorix's ghost.
 Godzilla misses Nestorix's ghost.
 Godzuki misses Nestorix's ghost.
 Godzilla misses Nestorix's ghost.
 Godzuki misses Nestorix's ghost.
 Godzuki misses Nestorix's ghost.
 Godzuki misses Nestorix's ghost.
 You hear some noises in the distance.
 The hill orc wields a curved sword!
 Godzuki misses Nestorix's ghost.
 Godzuki misses Nestorix's ghost.
 You hear some noises.
 The hill orc swings his curved sword.
 The hill orc hits!
 You die...
 Do you want your possessions identified? [ynq] (y) y
 Do you want to see your attributes? [ynq] (y) y
 Do you want an account of creatures vanquished? [ynaq] (y) y
 Do you want to see your conduct and achievements? [ynq] (y) y
 Do you want to see the dungeon overview? [ynq] (y) y

Inventory:
 Coins    ('$')
  $ - 1900 gold pieces
 Weapons  (')')
  a - 28 +2 darts (at the ready)
  J - 6 +0 darts
  O - 2 +0 daggers (wielded)
 Armor    ('[')
  M - an uncursed +0 dwarvish iron helm (being worn)
  I - an uncursed +0 pair of speed boots (being worn)
  K - an uncursed +0 shield of reflection (being worn)
  L - an uncursed +0 alchemy smock with text "Kiss the cook" (being worn)
  N - an uncursed +0 leather armor (being worn)
 Comestibles  ('%')
  e - 2 uncursed food rations
  k - an uncursed partly eaten food ration
  g - 2 uncursed tripe rations
 Scrolls  ('?')
  i - 2 uncursed scrolls of magic mapping
 Potions  ('!')
  h - 4 uncursed potions of extra healing
 Wands    ('/')
  s - a wand of digging (0:7)
  W - a cursed wand of secret door detection (0:10)
  X - a wand of slow monster (0:4)
  Y - a wand of striking (0:4)
 Tools    ('(')
  l - an expensive camera (0:50)
  f - an expensive camera (0:49)
  E - an uncursed lock pick

Jobair the Tourist's attributes:

Background:
 You were a Sightseer, a level 4 female human Tourist.
 You were neutral, on a mission for The Lady
 who was opposed by Blind Io (lawful) and Offler (chaotic).
 You were right-handed.
 You were in the Dungeons of Doom, on level 5.
 You entered the dungeon 2520 turns ago.
 It was nighttime.
 You had 147 experience points, 13 more were needed to attain level 5.

Basics:
 You had 0 out of 30 hit points.
 You had all 11 energy points (spell power).
 Your armor class was 2.
 Your wallet contained 1900 zorkmids.
 Autopickup was off.

Final Characteristics:
 Your strength was 12 (limit:18/100).
 Your dexterity was 13 (limit:18).
 Your constitution was 17 (limit:18).
 Your intelligence was 13 (limit:18).
 Your wisdom was 9 (limit:18).
 Your charisma was 13 (limit:18).

Final Status:
 You weren't hungry.
 You were unencumbered.
 You were wielding daggers.
 You were unskilled in dagger.

Final Attributes:
 You were piously aligned.
 You were poison resistant.
 You were acid resistant.
 Your items were protected from acid.
 You were warded.
 You were very fast.
 You had reflection.
 You are dead.

Miscellaneous:
 You encountered 1 bones level.
 Total elapsed playing time was 31 minutes and 34 seconds.

Major events:
 Turn
    1: Jobair the neutral female human Tourist entered the dungeon
 1503: attained the rank of Sightseer (level 3)
 2191: entered the Gnomish Mines
 2520: killed by a hill orc

You didn't know any spells.

Skills:
 Fighting Skills
   bare handed combat [Unskilled]
   two weapon combat  [Unskilled]
   riding             [Unskilled]
 Weapon Skills
   dagger             [Unskilled]
   knife              [Unskilled]
   axe                [Unskilled]
   pick-axe           [Unskilled]
   short sword        [Unskilled]
   broadsword         [Unskilled]
   long sword         [Unskilled]
   two-handed sword   [Unskilled]
   saber              [Unskilled]
   mace               [Unskilled]
   morning star       [Unskilled]
   flail              [Unskilled]
   hammer             [Unskilled]
   quarterstaff       [Unskilled]
   polearms           [Unskilled]
   spear              [Unskilled]
   trident            [Unskilled]
   lance              [Unskilled]
   bow                [Unskilled]
   sling              [Unskilled]
   crossbow           [Unskilled]
   dart               [Basic]
   shuriken           [Unskilled]
   boomerang          [Unskilled]
   whip               [Unskilled]
   unicorn horn       [Unskilled]
 Spellcasting Skills
   divination spells  [Unskilled]
   enchantment spells [Unskilled]
   escape spells      [Unskilled]

Voluntary challenges:
 Character rerolling was not enabled.
 You never genocided any monsters.
 You never polymorphed an object.
 You never changed form.
 You used no wishes.
Achievements:
 You attained the rank of Sightseer.
 You entered a shop.
 You entered the Gnomish Mines.

 The Dungeons of Doom: levels 1 to 5
    Level 1:
    Level 2:
    Level 3:
       An armor shop, a fountain.
    Level 4:
       A general store, a fountain.
       Stairs down to The Gnomish Mines.
    Level 5: <- You were here.
       Many altars.
       Final resting place for
          you, killed by a hill orc,
          Nestorix-Tou-Hum-Fem-Neu, killed by a dwarf.
 The Gnomish Mines:
    Level 5:


Vanquished creatures:
  a small mimic
  a rock mole
  a dwarf
  a hill orc
 an iguana
 an acid blob
  2 coyotes
  a hobbit
  a large kobold
  a yellow mold
  a gnome zombie
  2 geckos
  3 jackals
  a fox
  4 goblins
  3 sewer rats
  6 grid bugs
  a bat
  4 lichens
  5 newts
41 creatures vanquished.

No species were genocided or became extinct.

Game over:
                       ----------
                      /          \
                     /    REST    \
                    /      IN      \
                   /     PEACE      \
                  /                  \
                  |      Jobair      |
                  |     1900 Au      |
                  | killed by a hill |
                  |       orc        |
                  |                  |
                  |                  |
                  |       2026       |
                 *|     *  *  *      | *
        _________)/\\_//(\/(/\)/\//\/|_)_______

Aloha Jobair the Tourist...

You died in The Dungeons of Doom on dungeon level 5 with 1642 points,
and 1900 pieces of gold, after 2520 moves.
You were level 4 with a maximum of 30 hit points when you died.

